 Dungeon Crawl Stone Soup version 0.21.1-1-g345015fe64 (webtiles) character file.

28324 Kohma the Covert (level 13, -3/63 HPs)
             Began as a Vine Stalker Assassin on June 9, 2018.
             Was an Elder of Dithmenos.
             Slain by a dire flail of protection (16 damage)
             ... on level 1 of the Elven Halls.
             The game lasted 01:49:32 (16338 turns).

Kohma the Covert (Vine Stalker Assassin)           Turns: 16338, Time: 01:49:33

Health: -3/63      AC: 17    Str: 22    XL:     13   Next: 38%
Magic:  0/23       EV: 20    Int: 11    God:    Dithmenos [****..]
Gold:   815        SH: 12    Dex: 22    Spells: 23/25 levels left

rFire    . . .     SeeInvis .   e - +2 dagger (speed)
rCold    . . .     Gourm    .   R - +2 buckler {AC+3}
rNeg     . . .     Faith    .   M - +1 steam dragon scales
rPois    .         Spirit   +   F - +1 hat
rElec    .         Reflect  +   d - +2 cloak
rCorr    .         Harm     .   W - +2 pair of gloves {Dex+3}
MR       +....                  (no boots)
Stlth    +++++++++.             q - +4 amulet of reflection
HPRegen  1.00/turn              z - +6 ring of strength
MPRegen  0.18/turn              S - +3 ring of evasion

@: wreathed by umbra
A: fangs 3, regeneration 2, magic shield, antimagic bite, no potion heal 3, rot
immunity
a: Shadow Step, Renounce Religion


You were on level 1 of the Elven Halls.
You worshipped Dithmenos.
Dithmenos was greatly pleased with you.
You were not hungry.

You visited 5 branches of the dungeon, and saw 20 of its levels.
You visited 1 bazaar.
You also visited: Ossuary.

You collected 1803 gold pieces.
You spent 988 gold pieces at shops.

Inventory:

Hand Weapons
 b - a +0 blowgun
 e - a +2 dagger of speed (weapon)
 U - a +1 fustibalus of flaming
Missiles
 f - 25 poisoned needles
 i - a curare-tipped needle
 p - 3 javelins of penetration (quivered)
Armour
 d - a +2 cloak (worn)
 F - a +1 hat (worn)
 M - +1 steam dragon scales (worn)
 Q - the +1 pair of gloves of Shadows and Fog {SInv Stlth+}
   (You found it on level 1 of the Lair of Beasts)

   It lets you see invisible.
   It makes you more stealthy.
 R - a +2 buckler of protection (worn)
 T - a +1 troll leather armour
 W - a +2 pair of gloves of dexterity (worn)
Jewellery
 a - an uncursed ring of poison resistance
 c - an uncursed amulet of magic regeneration
 q - a +4 amulet of reflection (around neck)
 x - an uncursed ring of wizardry
 z - a +6 ring of strength (left hand)
 G - an uncursed ring of positive energy
 S - a +3 ring of evasion (right hand)
Wands
 k - a wand of acid (26)
 l - a wand of flame (30)
 n - a wand of paralysis (18)
 t - a wand of polymorph (24)
 y - a wand of digging (30)
 K - a wand of iceblast (4)
Scrolls
 s - 6 scrolls of teleportation
 v - 3 scrolls of amnesia
 w - a scroll of magic mapping
 C - 9 scrolls of remove curse
 D - 3 scrolls of blinking
Potions
 h - 4 potions of flight
 j - a potion of might {unknown}
 m - a potion of mutation {unknown}
 o - 2 potions of agility
 u - 3 potions of magic
 A - 7 potions of curing
 B - 2 potions of cancellation
 E - 2 potions of invisibility {unknown}
 H - 2 potions of lignification
 I - a potion of haste {unknown}
 J - 2 potions of brilliance
 N - a potion of resistance
 O - 3 potions of ambrosia {unknown}
Books
 r - a book of Maledictions

   Spells                             Type                      Level
   a - Corona                         Hexes                        1
   b - Ensorcelled Hibernation        Hexes/Ice                    2
   c - Confuse                        Hexes                        3
   d - Tukima's Dance                 Hexes                        3
   e - Dazzling Spray                 Conjuration/Hexes            3
 L - a book of Clouds

   Spells                             Type                      Level
   a - Poisonous Vapours              Poison/Air                   2
   b - Mephitic Cloud                 Conjuration/Poison/Air       3
   c - Conjure Flame                  Conjuration/Fire             3
   d - Freezing Cloud                 Conjuration/Ice/Air          6
   e - Ring of Flames                 Charms/Fire                  7
 X - a book of Changes

   Spells                             Type                      Level
   a - Beastly Appendage              Transmutation                1
   b - Sticks to Snakes               Transmutation                2
   c - Spider Form                    Transmutation/Poison         3
   d - Ice Form                       Ice/Transmutation            4
   e - Blade Hands                    Transmutation                5
Miscellaneous
 P - a phial of floods
Comestibles
 g - 31 rations
 V - 3 chunks of flesh


   Skills:
 * Level 5.1 Fighting
 - Level 10.1 Short Blades
 - Level 6.5 Throwing
 + Level 4.6 Armour
 - Level 6.1 Dodging
 * Level 13.2 Stealth
 + Level 6.1 Shields
 - Level 6.5 Spellcasting
 + Level 6.7 Hexes


You had 23 spell levels left.
You knew the following spells:

 Your Spells              Type           Power        Failure   Level  Hunger
a - Ensorcelled Hibernat  Hex/Ice        ##....       7%          2    ##.....


Dungeon Overview and Level Annotations

Branches:
Dungeon (13/15)            Temple (1/1) D:7            Lair (3/6) D:8
    Orc (2/2) D:9             Elf (1/3) Orc:2
  Swamp: Lair:2-4    Shoals: Lair:2-4     Snake: Lair:2-4    Spider: Lair:2-4
 Vaults: D:13-14

Altars:
Ashenzari
Cheibriados
Dithmenos
Elyvilon
Fedhas
Gozag
Hepliaklqana
Kikubaaqudgha
Makhleb
Nemelex Xobeh
Okawaru
Qazlal
Ru
Sif Muna
Trog
Uskayaw
Vehumet
Wu Jian
Xom
Yredelemnul
Zin
The Shining One
Beogh

Shops:
D:5 }   D:9 [   Elf:1 :[

Annotations:
Lair:2 Nergalle
Orc:1 hofbold's ghost, journeyman MfGl
Elf:1 shop +9 dragon king armor


Innate Abilities, Weirdness & Mutations

You have razor-sharp teeth.
You heal very quickly.
When hurt, damage is shared between your health and your magic reserves.
Your bite disrupts and absorbs the magic of your enemies.
Potions cannot restore your health.
You are immune to rotting.


Message History

You miss the dire flail of protection. You bite the dire flail of protection.
You drain its power.
You feel invigorated.
The dire flail of protection is severely damaged.
You miss the dire flail of protection.
You bite the dire flail of protection, but do no damage.
The dire flail of protection is severely damaged.
The dire flail of protection hits you!!
* * * LOW HITPOINT WARNING * * *
You block the orc warrior's attack.
You barely miss the dire flail of protection.
Your bite misses the dire flail of protection.
The dire flail of protection is heavily damaged.
You miss the dire flail of protection.
You bite the dire flail of protection, but do no damage.
The dire flail of protection is heavily damaged.
You block the dire flail of protection's attack.
The dire flail of protection hits you.
* * * LOW HITPOINT WARNING * * *
The dire flail of protection hits you!!
You die...

#.................###.......
####.............######.####
#####
#....................####
....#
#....#........#########..
+##.# #....#........# #..
..#.#####.#..#....##.## #..
..'))).......#.......#
#####..
..#)###..#########...#
#......
+##.###......#.(@...##
#......
...........#.#.####.#
#...... #..####......#.#
##.## #......
#..###.......#e# #...#
#...).. #.o....#####..o#
#...######.).... ......##
##.## #...............
.......#
#.####...#####.......
^......#
##....(......#..#...#
.......#
#...................


You could see a dire flail of protection.

Vanquished Creatures
  Nessos (D:12)
  Harold (Lair:1)
  Erica (D:8)
  A two-headed ogre (D:10)
  A dancing weapon (Elf:1)
  Urug (D:12)
  2 orc high priests (Orc:2)
  A deep elf knight (Elf:1)
  2 deep elf archers (Elf:1)
  The ghost of abdbla the Covert, a novice SpEn of Dithmenos (D:8)
  An orc knight (Orc:1)
  11 deep elf magi
  An ugly thing (D:9)
  2 cyclopes
  An orc sorcerer (Orc:2)
  A molten gargoyle (D:12)
  A centaur zombie (D:10)
  Maurice (D:8)
  2 gargoyles (D:10)
  A spiny frog (Lair:2)
  2 komodo dragons
  The ghost of kalodont the Sneak, a novice KoEn of Kikubaaqudgha (D:5)
  5 trolls
  Prince Ribbit (D:7)
  Grinder (D:4)
  Sigmund (D:6)
  A spriggan (D:9)
  A shadow (D:9)
  A basilisk (shapeshifter) (Orc:2)
  6 yaks
  A hungry ghost (D:9)
  Menkaure (D:5)
  A steam dragon (D:7)
  A warg (Orc:1)
  Duvessa (D:7)
  3 porcupines (Lair:1)
  2 water moccasins (Lair:2)
  15 orc warriors
  4 sky beasts
  A black bear (D:10)
  6 ogres
  2 ice beasts (D:5)
  The ghost of Hercules1031 the Charmwright, an amateur GnSk (D:3)
  3 phantoms
  6 centaurs
  A crocodile (Lair:1)
  3 wolves (Lair:1)
  A big kobold (D:11)
  14 bullfrogs
  A wyvern zombie (D:9)
  An earth elemental (Elf:1)
  A water moccasin skeleton (D:7)
  5 scorpions
  Dowan (D:7)
  10 killer bees
  11 wights
  2 howler monkeys
  2 crimson imps (D:6)
  4 lava snakes (D:12)
  12 orc priests
  A jelly (D:9)
  17 orc wizards
  6 hounds
  A centaur skeleton (D:9)
  2 iguanas
  Terence (D:2)
  3 worker ants
  2 killer bee zombies
  A hound zombie (D:9)
  8 mummies (Ossuary)
  A howler monkey zombie (D:10)
  10 gnolls
  11 adders
  6 shadow imps
  3 oozes
  4 adder skeletons
  An adder zombie (D:7)
  3 worms
  4 dart slugs
  4 leopard geckos
  51 orcs
  8 bats
  4 giant cockroaches
  A gnoll zombie (Ossuary)
  9 goblins
  8 hobgoblins
  8 jackals
  13 kobolds
  9 quokkas
  2 ball pythons
  7 frilled lizards
  2 kobold zombies (Ossuary)
  A leopard gecko zombie (D:6)
  5 orc zombies (Ossuary)
  2 quokka skeletons
  A quokka zombie (D:9)
  9 rats
400 creatures vanquished.

Vanquished Creatures (others)
  A hound (D:10)
  An orc wizard (Orc:2)
  10 fungi (Orc:2)
  6 toadstools (Lair:2)
18 creatures vanquished.

Grand Total: 418 creatures vanquished

Notes
Turn   | Place    | Note
-------+----------+-------------------------------------------
     0 | D:1      | Kohma the Vine Stalker Assassin began the quest for the Orb.
     0 | D:1      | Reached XP level 1. HP: 11/11 MP: 2/2
   141 | D:1      | Reached XP level 2. HP: 2/15 MP: 0/3
   399 | D:2      | Reached skill level 1 in Dodging
   865 | D:1      | Reached skill level 5 in Stealth
   865 | D:1      | Reached XP level 3. HP: 18/18 MP: 4/4
  1591 | D:2      | Gained mutation: Your natural rate of healing is unusually fast. [Vine Stalker growth]
  1591 | D:2      | Reached XP level 4. HP: 19/23 MP: 3/5
  1713 | D:2      | Found a burning altar of Makhleb.
  1842 | D:2      | Noticed Terence
  1891 | D:2      | Killed Terence
  1891 | D:2      | Reached XP level 5. HP: 11/26 MP: 4/6
  2266 | D:2      | Reached skill level 6 in Stealth
  2784 | D:3      | Noticed Hercules1031's ghost (amateur GnSk)
  2784 | D:4      | Noticed an ogre
  2796 | D:4      | Killed an ogre
  2796 | D:4      | Reached XP level 6. HP: 9/30 MP: 2/7
  2891 | D:5      | Entered Level 5 of the Dungeon
  3014 | D:3      | Killed Hercules1031's ghost
  3014 | D:3      | Reached skill level 7 in Stealth
  3115 | D:3      | Reached XP level 7. HP: 35/35 MP: 8/8
  3841 | D:4      | Noticed Grinder
  3865 | D:4      | Killed Grinder
  3865 | D:4      | Reached skill level 5 in Short Blades
  3865 | D:4      | Reached skill level 8 in Stealth
  3918 | D:4      | Gained mutation: You have razor-sharp teeth. [Vine Stalker growth]
  3918 | D:4      | Reached XP level 8. HP: 8/39 MP: 1/9
  4511 | D:4      | Reached skill level 9 in Stealth
  4723 | D:4      | You fall through a shaft!
  4807 | D:5      | Found Vashoufi's Gadget Shop.
  4972 | D:6      | Reached skill level 10 in Stealth
  5005 | D:7      | Found a sand-covered staircase.
  5010 | Ossuary  | Entered an ossuary
  5015 | Ossuary  | Learned a level 2 spell: Ensorcelled Hibernation
  5043 | Ossuary  | Reached XP level 9. HP: 29/42 MP: 10/10
  5543 | D:6      | Noticed Sigmund
  5565 | D:6      | Killed Sigmund
  5565 | D:6      | Reached skill level 1 in Spellcasting
  5565 | D:6      | Reached skill level 1 in Hexes
  5974 | D:5      | Noticed kalodont's ghost (novice KoEn)
  6001 | D:5      | Killed kalodont's ghost
  6179 | D:5      | Noticed Menkaure
  6182 | D:5      | Killed Menkaure
  7109 | D:7      | Reached XP level 10. HP: 46/46 MP: 15/15
  7148 | D:7      | Reached skill level 5 in Dodging
  7148 | D:7      | Reached skill level 11 in Stealth
  7339 | D:7      | Noticed Duvessa
  7339 | D:7      | Noticed Dowan
  7372 | D:7      | Killed Dowan
  7423 | D:7      | Killed Duvessa
  7604 | D:7      | Found a staircase to the Ecumenical Temple.
  7604 | D:7      | Noticed Prince Ribbit
  7827 | D:8      | Noticed abdbla's ghost (novice SpEn)
  7975 | D:8      | Killed abdbla's ghost
  8257 | D:8      | Found a staircase to the Lair.
  8262 | Lair:1   | Entered Level 1 of the Lair of Beasts
  8309 | D:8      | Noticed Maurice
  8316 | D:8      | Killed Maurice
  8591 | D:8      | Noticed Erica
  8610 | D:8      | Killed Erica
  8719 | D:7      | Killed Prince Ribbit
  8725 | Temple   | Entered the Ecumenical Temple
  8767 | Temple   | Became a worshipper of Dithmenos the Shadowed
  8933 | Lair:1   | Got a pair of slimy gloves
  8944 | Lair:1   | Identified the +1 pair of gloves of Shadows and Fog {SInv Stlth+} (You found it on level 1 of the Lair of Beasts)
  9078 | Lair:1   | Reached XP level 11. HP: 50/50 MP: 18/18
  9284 | Lair:1   | Noticed Harold
  9556 | Lair:1   | Killed Harold
  9556 | Lair:1   | Reached skill level 5 in Spellcasting
  9935 | Lair:2   | Noticed Nergalle
  9968 | Lair:2   | Reached skill level 5 in Hexes
 10035 | Lair:2   | HP: 1/50 [poisoned by Nergalle]
 10271 | D:9      | Found a staircase to the Orcish Mines.
 10278 | Orc:1    | Entered Level 1 of the Orcish Mines
 10279 | Orc:1    | Noticed hofbold's ghost (journeyman MfGl)
 10479 | D:9      | Noticed a brown ugly thing
 10490 | D:9      | Killed a brown ugly thing
 10594 | D:9      | Reached * piety under Dithmenos
 10634 | D:9      | Reached skill level 10 in Short Blades
 10657 | D:9      | Reached skill level 1 in Armour
 11039 | D:10     | Entered Level 10 of the Dungeon
 11063 | D:10     | Noticed a cyclops
 11115 | D:9      | Found Diphes's Armour Shoppe.
 11123 | D:9      | Bought a +2 buckler of protection for 344 gold pieces
 11459 | D:9      | Reached skill level 1 in Shields
 11551 | D:9      | Reached ** piety under Dithmenos
 11716 | D:10     | Reached skill level 5 in Throwing
 11743 | D:10     | Killed a cyclops
 11803 | D:10     | Gained mutation: You heal very quickly. [Vine Stalker growth]
 11803 | D:10     | Reached XP level 12. HP: 54/54 MP: 21/21
 11936 | D:10     | Noticed a two-headed ogre
 11940 | D:10     | Killed a two-headed ogre
 12721 | D:12     | Noticed a two-headed ogre
 12725 | D:12     | Noticed a death knight
 12787 | D:12     | Noticed Nessos
 12795 | D:12     | Noticed Urug
 12819 | D:12     | Killed Nessos
 12902 | D:12     | Killed Urug
 13025 | D:12     | Found a flickering gateway to a bazaar.
 13035 | Bazaar   | Entered a bazaar
 13049 | Bazaar   | Found Tibueq's Assorted Antiques.
 13049 | Bazaar   | Found Weip's Antique Armour Shoppe.
 13071 | Bazaar   | Found Pithe's Jewellery Emporium.
 13083 | Bazaar   | Bought an uncursed ring of poison resistance for 320 gold pieces
 13112 | Bazaar   | Found Uryqusib's Armour Emporium.
 13112 | Bazaar   | Found Udukhit's Jewellery Shoppe.
 13136 | Bazaar   | Found Dotav's Armour Shoppe.
 13192 | Bazaar   | Bought a +4 amulet of reflection for 324 gold pieces
 14813 | Orc:1    | Found a roughly hewn altar of Beogh.
 15009 | Orc:1    | Reached *** piety under Dithmenos
 15082 | Orc:2    | Entered Level 2 of the Orcish Mines
 15082 | Orc:2    | Noticed an orc high priest
 15164 | Orc:2    | Noticed an orc high priest
 15246 | Orc:2    | Killed an orc high priest
 15246 | Orc:2    | Reached skill level 12 in Stealth
 15246 | Orc:2    | Reached skill level 5 in Shields
 15264 | Orc:2    | Noticed a sun demon
 15269 | Orc:2    | Killed an orc high priest
 15435 | Orc:2    | Found a staircase to the Elven Halls.
 15447 | Elf:1    | Entered Level 1 of the Elven Halls
 15610 | Orc:2    | Reached XP level 13. HP: 44/60 MP: 23/23
 15715 | Elf:1    | Found Assog's Antique Armour Shop.
 15976 | Elf:1    | Found Paerph's Book Shoppe.
 16008 | Elf:1    | Reached skill level 13 in Stealth
 16057 | Elf:1    | Reached **** piety under Dithmenos
 16202 | Elf:1    | Reached skill level 5 in Fighting
 16286 | Elf:1    | Noticed a deep elf high priest
 16338 | Elf:1    | Slain by a dire flail of protection

Skill      XL: |  1  2  3  4  5  6  7  8  9 10 11 12 13 |
---------------+----------------------------------------+-----
Short Blades   | 2 3 4 5 6 8 9 10 | 10.1
Throwing       | 2 5 6 |  6.5
Fighting       | 2 3 5 |  5.1
Dodging        | 1 2 3 4 5 6 |  6.1
Stealth        | 5 6 7 8 10 11 12 13 | 13.2
Spellcasting   | 2 4 5 6 |  6.5
Hexes          | 2 4 5 6 |  6.7
Armour         | 2 4 |  4.6
Shields        | 2 5 6 |  6.1

Action                   |  1- 3 |  4- 6 |  7- 9 | 10-12 | 13-15 || total
-------------------------+-------+-------+-------+-------+-------++-------
Melee: Dagger            |    62 |   222 |   474 |  1781 |   188 ||  2727
       Bite              |    14 |    63 |   188 |   776 |    97 ||  1138
 Fire: Blowgun           |    17 |       |       |    28 |       ||    45
Throw: Javelin           |       |       |       |     3 |       ||     3
 Cast: Ensorcelled Hiber |       |       |       |     1 |     6 ||     7
Invok: Shadow Step       |       |       |       |     2 |       ||     2
Evoke: Wand              |       |       |       |     2 |       ||     2
  Use: Scroll            |       |    10 |    11 |    13 |       ||    34
       Potion            |       |       |       |     2 |       ||     2
 Stab: Sleeping          |     6 |    11 |    21 |    28 |     6 ||    72
       Distracted        |       |       |     5 |     1 |     1 ||     7
  Eat: Chunk             |     1 |     2 |     7 |    10 |     3 ||    23
       Ration            |     1 |     1 |     1 |     6 |       ||     9
Armor: Robe              |     7 |       |       |       |       ||     7
       Leather armour    |     9 |    38 |    98 |       |       ||   145
       Steam dragon scal |       |       |     2 |   258 |     6 ||   266
Dodge: Dodged            |    36 |    93 |   177 |   642 |    29 ||   977
Block: Buckler           |       |       |       |   285 |    30 ||   315
       Reflection        |       |       |       |     6 |     1 ||     7
